NYP
LOS ANGELES (NYP) DODGERS @ BATAVIA MUCKDOGS
06/30/2044
 
TOP OF THE 1ST
Los Angeles (NYP) Dodgers batting - Pitching for Batavia Muckdogs : RHP James Bitner
Pitching: RHP James Bitner
Batting: RHB Mario Mejia 0-0: Ball
1-0: Ball
2-0: Ball
3-0: Base on Balls
Batting: RHB Leo Cuellar 0-0: Ball
1-0: Ball
2-0: Called Strike
2-1: Ball
3-1: Called Strike
3-2: Grounds into double play, 5-4-3 (Groundball, 56, EV 111.9 MPH)
Batting: LHB Kippy McGrath 0-0: Foul Ball, location: 2F
0-1: Ball
1-1: Ground out U3 (Groundball, 3, EV 83.1 MPH)
Top of the 1st over - 0 runs, 0 hits, 0 errors, 0 left on base; Los Angeles (NYP) 0 - Batavia 0
BOTTOM OF THE 1ST
Batavia Muckdogs batting - Pitching for Los Angeles (NYP) Dodgers : RHP Chris Hodge
Pitching: RHP Chris Hodge
Batting: LHB David Doge 0-0: Swinging Strike
0-1: Swinging Strike
0-2: Foul Ball, location: 2F
0-2: Strikes out looking
Batting: RHB Hiromitsu Yamada 0-0: Foul Ball, location: 2F
0-1: Ball
1-1: Swinging Strike
1-2: Ball
2-2: Ball
3-2: Foul Ball, location: 2F
3-2: Base on Balls
Batting: RHB Jim Fisher 0-0: Ball
Hiromitsu Yamada steals 2nd base
1-0: SINGLE (Groundball, 6D, EV 105.0 MPH)
Hiromitsu Yamada to third
Runner from 3rd tries for Home, SAFE, throw by CF to home
Batting: RHB Len Graham 0-0: Ball
Wild Pitch!
Jim Fisher to second
1-0: Ball
Passed Ball!
Jim Fisher to third
2-0: Foul Ball, location: 2F
2-1: Foul Ball, location: 2F
2-2: Foul Ball, location: 2F
2-2: Strikes out swinging
Batting: LHB Ryan Thompson 0-0: Swinging Strike
0-1: Called Strike
0-2: Ball
Passed Ball!
Jim Fisher scores
1-2: Ball
2-2: SINGLE (Flyball, 4D, EV 84.4 MPH)
Batting: RHB Nate Crofts 0-0: Foul Ball, location: 2F
0-1: Ball
Passed Ball!
Ryan Thompson to second
1-1: Foul Ball, location: 2F
1-2: Ground out 3-1 (Groundball, 34, EV 109.4 MPH)
Bottom of the 1st over - 2 runs, 2 hits, 0 errors, 1 left on base; Los Angeles (NYP) 0 - Batavia 2
TOP OF THE 2ND
Los Angeles (NYP) Dodgers batting - Pitching for Batavia Muckdogs : RHP James Bitner
Batting: SHB Chris Ackerson 0-0: Called Strike
0-1: Ground out U3 (Groundball, 13, EV 80.6 MPH)
Batting: RHB Eddie Perry 0-0: Called Strike
0-1: Ball
1-1: Called Strike
1-2: Strikes out swinging
Batting: RHB Jonathan Kirsch 0-0: Ball
1-0: Called Strike
1-1: SINGLE (Groundball, 4D, EV 98.8 MPH)
Batting: LHB Bobby Gambrell 0-0: Ball
1-0: Ball
2-0: Foul Ball, location: 2F
2-1: Foul Ball, location: 2F
2-2: Ball
3-2: Base on Balls
Jonathan Kirsch to second
Pitching: RHP Ryan Babbitt
Batting: RHB Dustin Huschka 0-0: Foul Ball, location: 2F
0-1: Fielders Choice at 2nd, 5-4 (Groundball, 5, EV 88.1 MPH)
Top of the 2nd over - 0 runs, 1 hit, 0 errors, 2 left on base; Los Angeles (NYP) 0 - Batavia 2
BOTTOM OF THE 2ND
Batavia Muckdogs batting - Pitching for Los Angeles (NYP) Dodgers : RHP Chris Hodge
Batting: RHB Larry LeFever 0-0: Called Strike
0-1: Ball
1-1: Foul Ball, location: 2F
1-2: SINGLE (Line Drive, 9S, EV 110.6 MPH)
Batting: LHB Emilio Montalvo 0-0: Ball
Larry LeFever steals 2nd base
1-0: Ball
2-0: Ball
Passed Ball!
Larry LeFever to third
3-0: Base on Balls
Pitching: RHP Lee Durbin
Batting: RHB Jeremy Dennis 0-0: Ball
1-0: Ball
2-0: Ball
3-0: Base on Balls
Emilio Montalvo to second
Batting: LHB David Doge 0-0: Ball
1-0: Ball
Passed Ball!
Larry LeFever scores
Emilio Montalvo to third
Jeremy Dennis to second
2-0: Foul Ball, location: 2F
2-1: Foul Ball, location: 2F
2-2: Ball
Passed Ball!
Emilio Montalvo scores
Jeremy Dennis to third
3-2: Base on Balls
Batting: RHB Hiromitsu Yamada 0-0: Called Strike
David Doge steals 2nd base
0-1: Ball
1-1: Ball
Passed Ball!
Jeremy Dennis scores
David Doge to third
2-1: Ball
Passed Ball!
David Doge scores
3-1: Base on Balls
Batting: RHB Jim Fisher 0-0: Called Strike
Hiromitsu Yamada steals 2nd base
0-1: Called Strike
0-2: Foul Ball, location: 2F
0-2: DOUBLE (Flyball, 89D, EV 108.1 MPH)
Hiromitsu Yamada scores
Pitching: RHP Dave Bible
Batting: RHB Len Graham 0-0: Hit by Pitch
Batting: LHB Ryan Thompson 0-0: Fielders Choice at 2nd, 6-4 (Groundball, 6, EV 105.6 MPH)
Jim Fisher to third
Batting: RHB Nate Crofts 0-0: Ball
Wild Pitch!
Jim Fisher scores
Ryan Thompson to second
1-0: Foul Ball, location: 2F
1-1: Foul Ball, location: 2F
1-2: Foul Ball, location: 2F
1-2: Strikes out looking
Batting: RHB Larry LeFever 0-0: Foul Ball, location: 2F
0-1: Ball
Passed Ball!
Ryan Thompson to third
1-1: Ground out 6-3 (Groundball, 6M, EV 85.6 MPH)
Bottom of the 2nd over - 6 runs, 2 hits, 0 errors, 1 left on base; Los Angeles (NYP) 0 - Batavia 8
TOP OF THE 3RD
Los Angeles (NYP) Dodgers batting - Pitching for Batavia Muckdogs : RHP Ryan Babbitt
Batting: RHB Jonathan Quijada 0-0: Ball
1-0: SINGLE (Groundball, 6D, EV 93.8 MPH)
Batting: RHB Mario Mejia Pickoff Throw to First - Out! 1-3
0-0: Called Strike
0-1: Ball
1-1: Ball
2-1: Called Strike
2-2: Foul Ball, location: 2F
2-2: Ball
3-2: Base on Balls
Batting: RHB Leo Cuellar 0-0: Ball
Mario Mejia steals 2nd, throwing error, E2
Mario Mejia to third
1-0: Ball
2-0: SINGLE (Groundball, 25, EV 61.9 MPH) (infield hit)
Batting: LHB Kippy McGrath 0-0: Ball
1-0: Foul Ball, location: 2F
1-1: Called Strike
Leo Cuellar steals 2nd, throwing error, E2
Mario Mejia scores
Leo Cuellar to third
1-2: Ball
2-2: Foul Ball, location: 2F
2-2: Foul Ball, location: 2F
2-2: SINGLE (Groundball, 6S, EV 68.8 MPH) (infield hit)
Leo Cuellar scores
Pitching: RHP Alex Garza
Batting: SHB Chris Ackerson 0-0: Ball
1-0: Called Strike
1-1: Foul Ball, location: 2F
1-2: Foul Ball, location: 2F
1-2: Ground out 4-3 (Groundball, 34D, EV 83.8 MPH)
Kippy McGrath to second
Batting: RHB Eddie Perry 0-0: Ground out 6-3 (Groundball, 6, EV 85.0 MPH)
Top of the 3rd over - 2 runs, 3 hits, 2 errors, 1 left on base; Los Angeles (NYP) 2 - Batavia 8
BOTTOM OF THE 3RD
Batavia Muckdogs batting - Pitching for Los Angeles (NYP) Dodgers : RHP Dave Bible
Batting: LHB Emilio Montalvo 0-0: Called Strike
0-1: Foul Ball, location: 2F
0-2: Foul Ball, location: 2F
0-2: Ball
1-2: Foul Ball, location: 2F
1-2: Foul Ball, location: 2F
1-2: Foul Ball, location: 2F
1-2: Foul Ball, location: 2F
1-2: Ball
2-2: Ball
3-2: Foul Ball, location: 2F
3-2: Foul Ball, location: 2F
3-2: Base on Balls
Pitching: RHP Willie Alvarado
Batting: RHB Jeremy Dennis 0-0: Ball
1-0: Ball
Passed Ball!
Emilio Montalvo to second
2-0: Called Strike
2-1: Foul Ball, location: 2F
2-2: Foul Ball, location: 2F
2-2: Strikes out swinging
Batting: LHB David Doge 0-0: Ball
1-0: SINGLE (Groundball, 34S, EV 64.4 MPH) (infield hit)
Emilio Montalvo to third
Batting: RHB Hiromitsu Yamada 0-0: Called Strike
0-1: Grounds into double play, 6-4-3 (Groundball, 6, EV 108.1 MPH)
Bottom of the 3rd over - 0 runs, 1 hit, 0 errors, 1 left on base; Los Angeles (NYP) 2 - Batavia 8
TOP OF THE 4TH
Los Angeles (NYP) Dodgers batting - Pitching for Batavia Muckdogs : RHP Alex Garza
Batting: RHB Jonathan Kirsch 0-0: Swinging Strike
0-1: Ball
1-1: Fly out, F9 (Flyball, 9LD, EV 96.9 MPH)
Batting: LHB Bobby Gambrell 0-0: Ball
1-0: Foul Ball, location: 2F
1-1: Foul Ball, location: 2F
1-2: Strikes out swinging
Batting: RHB Dustin Huschka 0-0: SINGLE (Line Drive, 9S, EV 105.6 MPH)
Batting: RHB Jonathan Quijada 0-0: Foul Ball, location: 2F
0-1: Ball
1-1: Foul Ball, location: 2F
1-2: Foul Ball, location: 2F
1-2: Strikes out swinging
Top of the 4th over - 0 runs, 1 hit, 0 errors, 1 left on base; Los Angeles (NYP) 2 - Batavia 8
BOTTOM OF THE 4TH
Batavia Muckdogs batting - Pitching for Los Angeles (NYP) Dodgers : RHP Willie Alvarado
Batting: RHB Jim Fisher 0-0: Ball
1-0: Ball
2-0: Fly out, F7 (Line Drive, 7, EV 98.1 MPH)
Batting: RHB Len Graham 0-0: SINGLE (Groundball, 6D, EV 94.4 MPH)
Batting: LHB Ryan Thompson 0-0: Ball
Len Graham steals 2nd base
1-0: Called Strike
1-1: Foul Ball, location: 2F
1-2: Ball
2-2: Ball
3-2: SINGLE (Groundball, 6D, EV 103.8 MPH)
Len Graham to third
Runner from 3rd tries for Home, SAFE, throw by LF to home
Ryan Thompson to second
Pitching: RHP Cody Bryant
Batting: RHB Nate Crofts 0-0: Fly out, F7 (Line Drive, 7, EV 95.6 MPH)
Batting: RHB Larry LeFever 0-0: Called Strike
0-1: Foul Ball, location: 2F
0-2: Strikes out swinging
Bottom of the 4th over - 1 run, 2 hits, 0 errors, 1 left on base; Los Angeles (NYP) 2 - Batavia 9
TOP OF THE 5TH
Los Angeles (NYP) Dodgers batting - Pitching for Batavia Muckdogs : RHP Alex Garza
Pitching: RHP Giampaolo Nobile
Batting: RHB Mario Mejia 0-0: Ground out 6-3 (Groundball, 6, EV 100.0 MPH)
Batting: RHB Leo Cuellar 0-0: Ball
1-0: Ball
2-0: Ground out 5-3 (Groundball, 56, EV 93.1 MPH)
Batting: LHB Kippy McGrath 0-0: DOUBLE (Line Drive, 9LD, EV 108.1 MPH)
Batting: SHB Chris Ackerson 0-0: Ball
1-0: Called Strike
1-1: Ball
2-1: Ground out 3-1 (Groundball, 34, EV 91.2 MPH)
Top of the 5th over - 0 runs, 1 hit, 0 errors, 1 left on base; Los Angeles (NYP) 2 - Batavia 9
BOTTOM OF THE 5TH
Batavia Muckdogs batting - Pitching for Los Angeles (NYP) Dodgers : RHP Cody Bryant
Batting: LHB Emilio Montalvo 0-0: Ground out 4-3 (Groundball, 4, EV 78.8 MPH)
Batting: RHB Jeremy Dennis 0-0: Called Strike
0-1: Hit by Pitch
Batting: LHB David Doge 0-0: Ball
Passed Ball!
Jeremy Dennis to second
1-0: Swinging Strike
1-1: Swinging Strike
Passed Ball!
Jeremy Dennis to third
1-2: Ball
2-2: Foul Ball, location: 2F
2-2: Ball
3-2: Base on Balls
Batting: RHB Hiromitsu Yamada 0-0: SINGLE (Line Drive, 56D, EV 95.0 MPH)
Jeremy Dennis scores
David Doge to second
Batting: RHB Jim Fisher 0-0: Ball
Passed Ball!
David Doge to third
Hiromitsu Yamada to second
1-0: Ball
Passed Ball!
David Doge scores
Hiromitsu Yamada to third
2-0: Ball
3-0: Swinging Strike
Passed Ball!
Hiromitsu Yamada scores
3-1: Base on Balls
Pitching: LHP Gavin White
Batting: RHB Len Graham 0-0: Called Strike
0-1: Ball
Wild Pitch!
Jim Fisher to second
1-1: Foul Ball, location: 2F
1-2: Strikes out swinging
Batting: LHB Ryan Thompson 0-0: Called Strike
0-1: Ball
1-1: Ball
2-1: Ball
Passed Ball!
Jim Fisher to third
3-1: Ground out 6-3 (Groundball, 56, EV 88.1 MPH)
Bottom of the 5th over - 3 runs, 1 hit, 0 errors, 1 left on base; Los Angeles (NYP) 2 - Batavia 12
TOP OF THE 6TH
Los Angeles (NYP) Dodgers batting - Pitching for Batavia Muckdogs : RHP Giampaolo Nobile
Batting: RHB Eddie Perry 0-0: SINGLE (Flyball, 6D, EV 88.1 MPH)
Batting: RHB Jonathan Kirsch 0-0: Called Strike
0-1: Called Strike
0-2: Strikes out swinging
Batting: LHB Bobby Gambrell 0-0: Ball
1-0: Foul Ball, location: 2F
1-1: Ball
2-1: Fielders Choice at 2nd, 4-6 (Groundball, 4, EV 84.4 MPH)
Batting: RHB Dustin Huschka 0-0: Ball
1-0: Ball
Bobby Gambrell steals 2nd base (no throw)
2-0: Foul Ball, location: 2F
2-1: Ground out 1-3 (Groundball, 13S, EV 64.4 MPH)
Top of the 6th over - 0 runs, 1 hit, 0 errors, 1 left on base; Los Angeles (NYP) 2 - Batavia 12
BOTTOM OF THE 6TH
Batavia Muckdogs batting - Pitching for Los Angeles (NYP) Dodgers : LHP Gavin White
Batting: RHB Nate Crofts 0-0: Foul Ball, location: 2F
0-1: SOLO HOME RUN (Line Drive, 7D, EV 95.6 MPH), Distance : 361 ft
Batting: RHB Larry LeFever 0-0: Ball
1-0: Foul Ball, location: 2F
1-1: Ball
2-1: Foul Ball, location: 2F
2-2: Strikes out swinging
Batting: LHB Emilio Montalvo 0-0: Called Strike
0-1: Foul Ball, location: 2F
0-2: SINGLE (Groundball, P, EV 80.6 MPH) (infield hit)
Pitching: LHP Joe Jenkins
Batting: RHB Jeremy Dennis 0-0: Ball
1-0: Foul Ball, location: 2F
1-1: Fielders Choice at 2nd, 4-6 (Groundball, 34, EV 83.1 MPH)
Batting: LHB David Doge Balk!
Jeremy Dennis to second
0-0: Foul Ball, location: 2F
0-1: Fly out, F9 (Flyball, 89M, EV 80.6 MPH)
Bottom of the 6th over - 1 run, 2 hits, 0 errors, 1 left on base; Los Angeles (NYP) 2 - Batavia 13
TOP OF THE 7TH
Los Angeles (NYP) Dodgers batting - Pitching for Batavia Muckdogs : RHP Giampaolo Nobile
Pitching: RHP Scott Feltham
Pinch Hitting: RHB Neal Jukic 0-0: Foul Ball, location: 2F
0-1: Swinging Strike
0-2: Ball
1-2: Ball
2-2: Strikes out swinging
Batting: RHB Mario Mejia 0-0: Ball
1-0: Foul Ball, location: 2F
1-1: Ball
2-1: Foul Ball, location: 2F
2-2: Foul Ball, location: 2F
2-2: Ball
3-2: Foul Ball, location: 2F
3-2: SINGLE (Groundball, 34D, EV 95.6 MPH)
Pinch Hitting: RHB Pat Mage 0-0: Ball
Mario Mejia steals 2nd base
1-0: Ball
2-0: Ball
3-0: Called Strike
3-1: Called Strike
3-2: Base on Balls
Pitching: RHP Joe Lightell
Batting: LHB Kippy McGrath 0-0: Ball
Mario Mejia steals 3rd base
Pat Mage to second
Balk!
Mario Mejia scores
Pat Mage to third
1-0: Foul Ball, location: 2F
1-1: Foul Ball, location: 2F
1-2: Ball
2-2: Ball
3-2: Foul Ball, location: 2F
3-2: Foul Ball, location: 2F
3-2: Foul Ball, location: 2F
3-2: Foul Ball, location: 2F
3-2: Foul Ball, location: 2F
3-2: Foul Ball, location: 2F
3-2: Base on Balls
Batting: SHB Chris Ackerson 0-0: Ball
Wild Pitch!
Pat Mage scores
Kippy McGrath to second
1-0: Ball
2-0: Called Strike
2-1: Swinging Strike
2-2: Foul Ball, location: 2F
2-2: SINGLE (Flyball, 89S, EV 98.1 MPH)
Kippy McGrath to third
Runner from 3rd tries for Home, SAFE, throw by RF to home
Batting: RHB Eddie Perry 0-0: Ball
1-0: Called Strike
Chris Ackerson steals 2nd base (no throw)
1-1: Ground out 4-3 (Groundball, 4, EV 87.5 MPH)
Chris Ackerson to third
Pinch Hitting: LHB Jim Schriver 0-0: Called Strike
0-1: Called Strike
0-2: Foul Ball, location: 2F
0-2: Ground out 4-3 (Groundball, 4, EV 111.2 MPH)
Top of the 7th over - 3 runs, 2 hits, 0 errors, 1 left on base; Los Angeles (NYP) 5 - Batavia 13
BOTTOM OF THE 7TH
Batavia Muckdogs batting - Pitching for Los Angeles (NYP) Dodgers : LHP Joe Jenkins
Now at 1B: Jim Schriver
Now at 3B: Mario Mejia
Now at SS: Neal Jukic
Now in CF: Pat Mage
Batting: RHB Hiromitsu Yamada 0-0: Foul Ball, location: 2F
0-1: Ball
1-1: Ground out 6-3 (Groundball, 6, EV 83.1 MPH)
Batting: RHB Jim Fisher 0-0: Fly out, F9 (Line Drive, 9D, EV 90.0 MPH)
Batting: RHB Len Graham 0-0: Ball
1-0: Ball
2-0: Foul Ball, location: 2F
2-1: Foul Ball, location: 2F
2-2: Ball
3-2: Foul Ball, location: 2F
3-2: Foul Ball, location: 2F
3-2: Base on Balls
Batting: LHB Ryan Thompson Balk!
Len Graham to second
0-0: Ball
Passed Ball!
Len Graham to third
1-0: Ball
2-0: Ball
3-0: Base on Balls
Batting: RHB Nate Crofts 0-0: Ball
1-0: Called Strike
1-1: Foul Ball, location: 2F
1-2: Strikes out swinging
Bottom of the 7th over - 0 runs, 0 hits, 0 errors, 2 left on base; Los Angeles (NYP) 5 - Batavia 13
TOP OF THE 8TH
Los Angeles (NYP) Dodgers batting - Pitching for Batavia Muckdogs : RHP Joe Lightell
Batting: LHB Bobby Gambrell 0-0: Ball
1-0: Ball
2-0: Called Strike
2-1: Foul Ball, location: 2F
2-2: Ground out 4-3 (Groundball, 4S, EV 64.4 MPH)
Batting: RHB Dustin Huschka 0-0: Ball
1-0: Ground out 5-3 (Groundball, 56, EV 101.2 MPH)
Batting: RHB Neal Jukic 0-0: Ball
1-0: Called Strike
1-1: Fly out, F3 (Popup, 3SF, EV 83.8 MPH)
Top of the 8th over - 0 runs, 0 hits, 0 errors, 0 left on base; Los Angeles (NYP) 5 - Batavia 13
BOTTOM OF THE 8TH
Batavia Muckdogs batting - Pitching for Los Angeles (NYP) Dodgers : LHP Joe Jenkins
Batting: RHB Larry LeFever 0-0: Foul Ball, location: 2F
0-1: Ball
1-1: Fly out, F8 (Flyball, 8RXD, EV 93.8 MPH)
Pinch Hitting: RHB Mario Barraza 0-0: Ground out U3 (Groundball, 3L, EV 102.5 MPH)
Batting: RHB Jeremy Dennis 0-0: Called Strike
0-1: Ball
1-1: Ground out 5-3 (Groundball, 56, EV 111.2 MPH)
Bottom of the 8th over - 0 runs, 0 hits, 0 errors, 0 left on base; Los Angeles (NYP) 5 - Batavia 13
TOP OF THE 9TH
Los Angeles (NYP) Dodgers batting - Pitching for Batavia Muckdogs : RHP Joe Lightell
Now in CF: Calvin Morin
Now in RF: David Doge
Batting: RHB Mario Mejia 0-0: Ball
1-0: DOUBLE (Line Drive, 5D, EV 104.4 MPH)
Batting: RHB Pat Mage 0-0: Called Strike
0-1: Foul Ball, location: 2F
0-2: Ball
1-2: SINGLE (Flyball, 8RS, EV 94.4 MPH)
Mario Mejia to third
Batting: LHB Kippy McGrath 0-0: Ball
1-0: Ball
2-0: 3-RUN HOME RUN (Flyball, 9D, EV 93.8 MPH), Distance : 356 ft
Batting: SHB Chris Ackerson 0-0: Ball
1-0: Ball
2-0: Ball
3-0: Base on Balls
Batting: RHB Eddie Perry 0-0: SINGLE (Groundball, 56D, EV 108.8 MPH)
Chris Ackerson to second
Batting: LHB Jim Schriver 0-0: Ball
1-0: Ball
2-0: Foul Ball, location: 2F
2-1: Swinging Strike
2-2: Foul Ball, location: 2F
2-2: SINGLE (Flyball, 6D, EV 98.1 MPH)
Chris Ackerson to third
Eddie Perry to second
Batting: LHB Bobby Gambrell 0-0: Ball
Wild Pitch!
Chris Ackerson scores
Eddie Perry to third
Jim Schriver to second
1-0: Foul Ball, location: 2F
1-1: Ball
2-1: Ball
3-1: Fly out, F7 (Line Drive, 78M, EV 88.8 MPH)
Batting: RHB Dustin Huschka 0-0: Ball
1-0: Called Strike
1-1: Called Strike
1-2: Ball
2-2: Ball
3-2: Base on Balls
Pitching: LHP Mario Tirado
Batting: RHB Neal Jukic 0-0: SINGLE (Groundball, 25, EV 65.6 MPH) (infield hit)
Eddie Perry scores
Jim Schriver to third
Dustin Huschka to second
Batting: RHB Mario Mejia 0-0: Ball
1-0: Ball
2-0: Ball
3-0: Called Strike
3-1: Base on Balls
Jim Schriver scores
Dustin Huschka to third
Neal Jukic to second
Batting: RHB Pat Mage 0-0: Grounds into double play, 5-4-3 (Groundball, 56, EV 108.8 MPH)
Top of the 9th over - 6 runs, 6 hits, 0 errors, 2 left on base; Los Angeles (NYP) 11 - Batavia 13
Thursday, March 31st , 2022 - OOTP Baseball 22.12 Build 89